Map: Estaleiro Orbital

Players

Science

  • Race: Protoss Protoss
  • League: Master

TheZergLord - Winner!

  • Race: Zerg Zerg
  • League: Master

VOD

Have the link to the VOD?

Description

Time

  • Played on: Feb. 27, 2016, 12:52 p.m.
  • Length: 9:06
Show
View Real Time Build Order
Export as new Build Order

Science Protoss 

Build Orders: Nexus First 

Get SALT Encoding   

  12  0:03  Probe (Chrono Boost)  
  13  0:13  Probe (Chrono Boost)  
  14  0:18  Pylon  
  14  0:24  Probe (Chrono Boost)  
  15  0:36  Probe (Chrono Boost)  
  16  0:47  Probe (Chrono Boost)  
  17  1:00  Nexus  
  17  1:11  Gateway  
  17  1:17  Assimilator  
  17  1:20  Probe (Chrono Boost)  
  18  1:30  Probe (Chrono Boost)  
  19  1:41  Gateway, Probe (Chrono Boost)  
  20  1:47  Assimilator  
  20  1:52  Probe (Chrono Boost)  
  21  1:58  Cybernetics Core  
  21  2:05  Pylon  
  21  2:11  Probe (Chrono Boost)  
  21  2:12  Probe (Chrono Boost)  
  23  2:21  Probe (Chrono Boost)  
  25  2:22  Probe (Chrono Boost)  
  25  2:32  Probe (Chrono Boost)  
  25  2:34  Adept (Chrono Boost)  
  30  2:37  Adept (Chrono Boost)  
  30  2:40  Warp Gate  
  30  2:43  Probe  
  31  2:49  Probe  
  31  2:59  Probe  
  31  3:01  Probe  
  31  3:02  Adept (Chrono Boost)  
  31  3:03  Adept (Chrono Boost)  
  37  3:11  Mothership Core  
  39  3:13  Probe  
  40  3:20  Twilight Council  
  40  3:25  Probe  
  41  3:30  Pylon  
  41  3:34  Probe  
  41  3:39  Gateway, Adept (Chrono Boost)  
  44  3:48  Probe  
  45  3:54  Gateway  
  45  3:56  Resonating Glaives (Chrono Boost)  
  45  3:58  Probe (Chrono Boost)  
  45  4:00  Probe (Chrono Boost)  
  47  4:05  Pylon  
  48  4:10  Probe (Chrono Boost)  
  48  4:25  Gateway  
  48  4:26  Probe (Chrono Boost)  
  48  4:28  Probe (Chrono Boost)  
  50  4:42  Nexus  
  50  4:51  Pylon, Robotics Facility  
  50  4:52  Adept  
  52  4:53  Pylon  
  52  4:56  Adept x3  
  58  5:01  Probe  
  58  5:05  Probe  
  59  5:08  Pylon  
  59  5:11  Pylon  
  60  5:17  Adept x2  
  64  5:21  Adept x2  
  64  5:25  Pylon  
  64  5:28  Probe  
  68  5:29  Probe  
  70  5:41  Probe  
  70  5:42  Probe  
  54  5:50  Warp Prism (Chrono Boost)  
  54  5:51  Robotics Bay  
  54  5:52  Probe  
  54  5:53  Probe, Sentry x2  
  62  5:57  Assimilator  
  62  5:58  Probe, Assimilator  
  62  6:03  Probe  
  63  6:05  Probe  
  63  6:08  Adept x2  
  63  6:09  Adept  
  63  6:10  Probe  
  71  6:13  Probe  
  71  6:17  Probe  
  74  6:21  Pylon  
  74  6:24  Probe  
  74  6:29  Probe  
  74  6:30  Stalker x3  
  82  6:32  Probe  
  83  6:41  Probe  
  83  6:44  Probe x2, Disruptor (Chrono Boost)  
  88  6:53  Pylon, Probe  
  89  6:54  Probe  
  89  6:55  Probe  
  91  7:02  Robotics Facility  
  91  7:04  Assimilator  
  91  7:05  Probe x3  
  94  7:08  Assimilator, Sentry  
  94  7:09  Forge, Sentry  
  98  7:16  Probe  
  98  7:18  Probe  
  100  7:28  Probe x2, Adept x2  
  100  7:29  Adept  
  106  7:30  Probe  
  106  7:35  Disruptor (Chrono Boost), Gravitic Drive  
  112  7:39  Probe  
  112  7:40  Probe  
  112  7:42  Probe  
  115  7:47  Pylon  
  115  7:49  Probe  
  115  7:50  Pylon  
  116  7:52  Pylon, Probe  
  117  7:58  Pylon  
  117  8:00  Pylon, Probe x2  
  113  8:06  Stalker x3  
  113  8:12  Probe  
  110  8:19  Probe x2  
  101  8:23  Stalker x2  
  101  8:24  Probe  
  101  8:26  Disruptor (Chrono Boost)  
  114  8:29  Probe  
  114  8:30  Disruptor (Chrono Boost)  
  105  8:40  Probe  
  103  8:45  Stalker x2  
  103  8:46  Stalker x2  
  84  8:59  Stalker  
Show
View Real Time Build Order
Export as new Build Order

TheZergLord Zerg - Winner!

Build Orders: Hatch First 

Get SALT Encoding   

  12  0:01  Drone  
  13  0:12  Overlord  
  13  0:17  Drone  
  14  0:31  Drone x2  
  14  0:34  Drone  
  17  0:55  Hatchery  
  17  0:56  Drone  
  17  0:59  Drone  
  18  1:10  Extractor  
  17  1:13  Spawning Pool  
  17  1:16  Drone  
  17  1:21  Drone  
  18  1:28  Drone  
  19  1:39  Drone  
  20  1:47  Hatchery  
  19  2:00  Queen  
  21  2:02  Zergling x2  
  22  2:10  Queen  
  24  2:17  Metabolic Boost  
  24  2:24  Overlord  
  24  2:27  Drone  
  25  2:30  Drone  
  25  2:34  Drone  
  27  2:44  Queen  
  27  2:46  Drone  
  27  2:49  Drone  
  27  2:50  Drone  
  32  2:52  Drone  
  33  3:03  Zergling x8  
  37  3:11  Overlord  
  37  3:16  Drone  
  37  3:18  Drone x3  
  37  3:19  Drone  
  42  3:29  Queen  
  44  3:34  Overlord  
  44  3:35  Drone x2  
  44  3:36  Drone  
  46  3:47  Overlord  
  46  3:48  Drone x3  
  49  3:54  Drone x2  
  49  3:55  Drone x4  
  55  4:00  Overlord  
  55  4:01  Drone x2  
  57  4:09  Drone x3  
  61  4:10  Drone  
  61  4:13  Lair  
  61  4:19  Roach Warren  
  61  4:20  Extractor  
  61  4:22  Drone x2  
  61  4:23  Zergling x2  
  61  4:24  Zergling x4  
  64  4:29  Overlord  
  64  4:33  Zergling x2  
  64  4:35  Overlord x3  
  65  4:50  Overlord x2  
  65  4:51  Zergling x12  
  65  4:52  Zergling x4  
  73  5:00  Roach x3  
  73  5:01  Roach  
  81  5:11  Drone x3  
  81  5:12  Glial Reconstitution  
  84  5:14  Drone x2  
  84  5:16  Drone x2  
  84  5:17  Drone  
  84  5:19  Drone x4  
  90  5:43  Drone  
  90  5:44  Drone x6  
  90  5:47  Drone x3  
  90  5:48  Drone x4  
  102  5:51  Extractor  
  102  5:53  Drone  
  102  5:54  Evolution Chamber  
  102  5:55  Extractor  
  102  5:56  Hydralisk Den, Extractor  
  98  5:57  Extractor  
  94  6:12  Drone x3  
  94  6:13  Drone x3  
  100  6:20  Overlord x2  
  100  6:31  Overlord x2  
  98  6:33  Muscular Augments  
  98  6:34  Zerg Missile Weapons Level 1  
  98  6:38  Hydralisk  
  98  6:39  Hydralisk x5  
  108  6:46  Hydralisk x2  
  112  6:48  Zergling x6  
  112  6:49  Hatchery  
  116  6:59  Hydralisk x3  
  122  7:05  Roach x4  
  122  7:06  Hatchery  
  122  7:07  Roach  
  122  7:08  Roach x3  
  137  7:10  Roach  
  139  7:15  Overlord  
  139  7:16  Overlord x2  
  139  7:19  Overlord x2  
  139  7:24  Spine Crawler  
  136  7:31  Spine Crawler  
  136  7:32  Drone  
  136  7:35  Extractor x2, Hydralisk x6  
  136  7:36  Hydralisk x2  
  150  7:39  Roach x3  
  150  7:43  Spine Crawler  
  155  7:53  Overlord x3  
  155  7:54  Roach x2  
  159  8:03  Roach  
  159  8:04  Roach x8  
  150  8:20  Hydralisk  
  150  8:21  Hydralisk x7  
  150  8:25  Queen  
  160  8:28  Drone x3  
  162  8:36  Roach x4  
Tags
 
Add a new tag
Caveats
  • Supply blocks, unpowered buildings, or Contaminate may cause inaccurate times.
  • Supply counts are checked every 10 seconds.